 Dungeon Crawl Stone Soup version 0.31-a0-237-g2d982f9f85 (webtiles) character file.

Game seed: 14141327548783720285

250034 Shard1697 the Executioner (level 20, -22/148 (180) HPs)
             Began as a Meteoran Berserker on July 11, 2023.
             Was the Champion of Trog.
             Killed from afar by a tengu reaver (48 damage)
             ... with a bolt of negative energy
             ... on level 5 of the Vaults.
             The game lasted 01:29:36 (15128 turns).

Shard1697 the Executioner (Meteoran Berserker)     Turns: 15128, Time: 01:29:37

HP:   -22/148 (180) AC: 31    Str: 22    XL:     20   Next: 65%
MP:   21/21         EV: 19    Int: 11    God:    Trog [******]
Gold: 1969          SH: 20    Dex: 18    Spells: 19/19 levels left

rFire   + . .        a - +5 broad axe (elec)
rCold   . . .        L - +0 tower shield
rNeg    . . .        B - +8 chain mail of Gravity {Harm}
rPois   +            n - +1 helmet
rElec   .            x - +2 cloak {rPois}
rCorr   .            y - +0 pair of gloves
SInv    .            T - +2 pair of boots {Stlth+}
Will    ++...        M - amulet of regeneration
Stlth   +            r - +5 ring of evasion
HPRegen 1.24/turn    k - ring of protection from fire
MPRegen 0.17/turn

%: harm (+30% outgoing, +20% incoming)
@: glowing, heavily drained
A: sense surroundings 3, otherworldly, glowing, explore regen
}: 3/15 runes: decaying, silver, gossamer
a: Renounce Religion, Berserk, Trog's Hand, Brothers in Arms


You were on level 5 of the Vaults.
You worshipped Trog.
Trog was exalted by your worship.
You visited 5 branches of the dungeon, and saw 33 of its levels.
You also visited: Sewer.

You collected 2267 gold pieces.
You spent 298 gold pieces at shops.

Inventory:

Hand Weapons
 a - a +5 broad axe of electrocution (weapon)
 b - a +4 broad axe of flaming
Armour
 g - a +1 ring mail of cold resistance
 n - a +1 helmet (worn)
 x - a +2 cloak of poison resistance (worn)
 y - a +0 pair of gloves (worn)
 B - the +8 chain mail of Gravity (worn) {Harm}
   (You found it on level 10 of the Dungeon)

   Harm:      It increases damage dealt and taken.
 F - a +1 plate armour of fire resistance
 L - a +0 tower shield (worn)
 N - a +0 buckler
 T - a +2 pair of boots of stealth (worn)
Jewellery
 f - a ring of ice
 k - a ring of protection from fire (right hand)
 o - a ring of willpower
 r - a +5 ring of evasion (left hand)
 H - a ring of resist corrosion
 M - an amulet of regeneration (around neck)
 O - a ring of positive energy
Wands
 p - a wand of flame (7)
 t - a wand of mindburst (1)
 u - a wand of polymorph (11)
 v - a wand of paralysis (17)
 w - a wand of roots (15)
 G - a wand of acid (13)
Scrolls
 h - 3 scrolls of immolation
 q - 4 scrolls of vulnerability
 A - 3 scrolls of revelation
 D - 3 scrolls of silence
 E - a scroll of teleportation
 I - a scroll of butterflies
 K - 2 scrolls of fog
 P - a scroll of enchant armour
 R - 13 scrolls of identify
 U - a scroll of poison
 V - a scroll of blinking
Potions
 c - 3 potions of attraction
 d - a potion of might
 e - 16 potions of curing
 j - 5 potions of mutation
 l - 3 potions of haste
 m - 3 potions of resistance
 z - 2 potions of lignification
 C - 2 potions of enlightenment
 J - 2 potions of magic
 S - 14 potions of ambrosia
Miscellaneous
 s - a phial of floods
 Q - a box of beasts


   Skills:
 - Level 16.1 Fighting
 - Level 22.1 Axes
 - Level 12.4 Armour
 - Level 12.7 Dodging
 + Level 5.8 Stealth
 - Level 16.4 Shields
 + Level 19.0 Evocations


You had 19 spell levels left.
You didn't know any spells.
Your spell library was empty.

Dungeon Overview and Level Annotations

Branches:
Dungeon (15/15) Zot: 2064  Temple (0/1) D:4            Lair (5/5) D:8 Zot: 820
  Swamp (4/4) Lair:3 Zot: 535  Spider (4/4) Lair:2 Zot: 291   Slime (0/5) Lair:5
    Orc (0/2) D:12         Vaults (5/5) D:13 Zot: 1268   Crypt (0/3) Vaults:2
  Sewer (visited)
 Depths: D:15

Altars:
Ashenzari
Cheibriados
Elyvilon
Wu Jian
Yredelemnul

Shops:
D:1 [   D:14 :   Vaults:1 :   Vaults:2 (

Annotations:
Swamp:1 3 runed translucent doors, rabbitsville's ghost, adept HOBe
Swamp:4 Bai Suzhen; Mara
Spider:3 Roxanne
Abyss:1 Maggie


Innate Abilities, Weirdness & Mutations

You passively map a large area around you.
You are easily found by Zot.
You glow in the dark.
You regain HP and MP as you explore.


Message History

The tengu reaver casts a spell at you. The bolt of poison hits you. You resist.
You hit the vault guard but do no damage.
The vault guard is almost dead.
You slash the tengu reaver! You block the vault guard's attack.
The vault guard blocks your attack.
The vault guard is almost dead.
You hit the tengu reaver. You block the tengu reaver's attack.
The tengu reaver pecks you but does no damage.
The tengu reaver claws you but does no damage.
You block the vault guard's attack.
You slash the vault guard!
You kill the vault guard!
Trog accepts your kill.
You hit the tengu reaver but do no damage.
The tengu reaver casts a spell at you. The bolt of negative energy hits you.
You feel drained.
You hit the tengu reaver but do no damage.
The tengu reaver is moderately wounded.
The tengu reaver hits you with a +0 great sword!
You block the tengu reaver's attack.
The tengu reaver claws you but does no damage.
You hit the tengu reaver but do no damage.
Lightning courses through the tengu reaver!
The tengu reaver is heavily wounded.
The tengu reaver points at you and mumbles some strange words.
The bolt of negative energy hits you!!!
You feel drained.
* * * LOW HITPOINT WARNING * * *
You feel much better. You block the tengu reaver's attack.
The tengu reaver pecks you but does no damage.
You block the tengu reaver's attack.
You feel much better.
The tengu reaver gestures at you while chanting.
The bolt of negative energy hits you!!
You feel drained.
* * * LOW HITPOINT WARNING * * *
Your cyclops goes berserk!
You block the tengu reaver's attack. x3
The tengu reaver points at you and mumbles some strange words.
The bolt of negative energy hits you!!!
You feel drained.
You die...

#....##.##....#* ,*,
#.....#)#.....## , #..#
...............#### #..#
....##...##)..)).)###..#
.. ##'####...##).##..# ,
##.## ##.####)##..# *,
##...## #.####.##..# ,
##.....###.Q##))##..# ,
##.......###.)@C..#..#
*#.........######.....#
# ########### * *##....#
. , ,, .pC........# .,
,.......$...# .
,,...........# . , ,
,,,,...........# # * *
######.C...# , , , *
#.....#


You could see a tengu reaver (ally target) and a friendly cyclops (summoned,
berserk).

Vanquished Creatures
  the Lernaean hydra (Swamp:4)
  Nikola (Swamp:4)
  A tentacled monstrosity (Vaults:5)
  A titan (Vaults:5)
  2 thorn hunters
  2 fire giants
  A deep elf sorcerer (Vaults:5)
  5 vault wardens
  3 emperor scorpions (Spider:4)
  3 ghost moths
  Aizul (Swamp:2)
  7 ironbound preservers
  2 broodmothers
  A stone giant (Vaults:5)
  3 ironbound thunderhulks
  A formless jellyfish (Vaults:4)
  Nessos (Lair:5)
  A deep elf demonologist (Vaults:5)
  3 eleionomae
  2 dire elephants
  2 bunyips
  An ettin (Vaults:5)
  Josephine (D:11)
  A shambling mangrove (Swamp:4)
  3 great orbs of eyes
  5 yaktaur captains
  2 entropy weavers
  20 hydras
  Erolcha (D:13)
  8 vault guards (Vaults:5)
  3 ogre magi
  4 ironbound frosthearts
  2 jorogumos
  A radroach (Spider:1)
  9 boulder beetles
  7 centaur warriors
  Erica (D:10)
  2 alligators
  9 death yaks (Lair:5)
  3 demonic crawlers
  A tengu warrior (D:13)
  4 two-headed ogres
  A sixfirhy (D:11)
  A skeletal warrior (D:13)
  3 skysharks
  A sun moth (Spider:4)
  20 deep trolls
  6 goliath frogs
  2 spriggan druids (Swamp:4)
  13 swamp dragons
  2 pharaoh ants
  4 orb spiders
  4 wizards
  A glowing orange brain (shapeshifter) (Vaults:5)
  A phantasmal warrior (Vaults:5)
  A necromancer (Spider:2)
  5 ironbound convokers
  3 deep elf pyromancers
  8 lindwurms
  2 steelbarb worms (Spider:4)
  A harpy (shapeshifter) (Vaults:5)
  2 orc knights
  2 wolf spider zombies (Spider:2)
  A will-o-the-wisp (Swamp:2)
  7 ugly things
  2 cyclopes (D:14)
  15 wolf spiders
  14 elephants
  2 moths of wrath
  Joseph (D:9)
  8 vault sentinels
  4 molten gargoyles (D:10)
  A torpor snail (Spider:3)
  5 black mambas
  2 centaur skeletons (D:13)
  Psyche (D:10)
  2 gargoyles (D:13)
  16 cane toads
  4 rime drakes
  A kobold demonologist (D:12)
  An unseen horror (D:11)
  8 komodo dragons
  6 yaktaurs
  12 redback zombies
  6 meliai
  A queen bee (Spider:2)
  6 polar bears (Lair:5)
  3 trolls
  23 tarantellas
  8 tyrant leeches
  9 blink frogs
  11 hornets
  9 dream sheep (Lair:5)
  5 culicivora zombies (Spider:2)
  6 tarantella zombies (Spider:2)
  10 jumping spiders
  22 slime creatures
  3 shadows (D:12)
  5 wraiths
  17 spriggans
  13 culicivoras
  A hog (shapeshifter) (Spider:4)
  2 vampires
  2 wyverns
  41 yaks
  3 basilisks
  31 redbacks
  A steam dragon (D:6)
  8 vampire mosquitoes
  A two-headed ogre zombie (D:12)
  19 swamp worms
  14 water moccasins
  An ice beast (D:7)
  Pargi (Sewer)
  An orc warrior (D:11)
  8 swamp drakes
  3 black bears
  3 boggarts
  20 wolves
  2 ogres
  10 centaurs
  2 phantoms
  5 kobold brigands
  11 bullfrogs
  3 gnoll sergeants
  2 scorpions
  16 wights
  2 troll zombies (D:12)
  24 killer bees
  A howler monkey (D:8)
  An electric eel (Lair:5)
  2 lava snakes (D:10)
  4 jellies
  2 orc priests
  Jessica (D:3)
  Terence (D:3)
  4 iguanas
  8 orc wizards
  2 boggart skeletons (D:13)
  5 ogre zombies (D:12)
  11 gnolls
  5 adders
  A shadow imp (D:8)
  A white imp (D:6)
  An ufetubus (D:5)
  4 worms
  A dart slug (D:3)
  22 orcs
  9 endoplasms
  3 giant cockroaches
  3 goblins
  3 hobgoblins
  6 jackals
  20 kobolds
  4 quokkas (D:1)
  5 ball pythons
  9 bats
  8 frilled lizards
  A goblin skeleton (D:12)
  2 goblin zombies (D:12)
  4 hobgoblin zombies (D:12)
  3 orc skeletons (D:12)
  15 orc zombies (D:12)
  10 rats
904 creatures vanquished.

Vanquished Creatures (collateral kills)
  Jorgrun (D:13)
  Louise (Swamp:4)
  An eleionoma (Swamp:4)
  A hydra (Swamp:4)
  A deep elf knight (D:13)
  A swamp dragon (Swamp:4)
  A deep elf pyromancer (D:13)
7 creatures vanquished.

Vanquished Creatures (others)
  A tyrant leech (Swamp:3)
  A bloated husk (Swamp:2)
  A basilisk (D:10)
  A swamp worm (Swamp:4)
  A gnoll (D:10)
  An orc (D:6)
  2 foxfires (Swamp:2)
8 creatures vanquished.

Grand Total: 919 creatures vanquished

Notes
Turn   | Place    | Note
-------+----------+-------------------------------------------
     0 | D:1      | Shard1697 the Meteoran Berserker began the quest for the
                  | Orb.
     0 | D:1      | Reached XP level 1. HP: 19/19 MP: 2/2
    33 | D:1      | Reached skill level 4 in Axes
    35 | D:1      | Reached XP level 2. HP: 11/26 MP: 3/3
    35 | D:1      | Found Putenew's Armour Shoppe.
   123 | D:1      | Reached XP level 3. HP: 28/31 MP: 4/4
   262 | D:1      | Reached ** piety under Trog
   286 | D:2      | Reached skill level 5 in Axes
   658 | D:3      | Noticed Terence
   674 | D:3      | Reached XP level 4. HP: 22/38 MP: 5/5
   676 | D:3      | Killed Terence
   678 | D:3      | Reached skill level 6 in Axes
   717 | D:3      | Found a glowing drain.
   743 | D:3      | Identified the +0 robe "Jasoshra" {Will+}
   749 | Sewer    | Entered a sewer
   781 | Sewer    | Noticed Pargi
   793 | Sewer    | Killed Pargi
   794 | Sewer    | Reached skill level 7 in Axes
   794 | Sewer    | Reached XP level 5. HP: 45/45 MP: 6/6
   794 | Sewer    | Reached XP level 6. HP: 51/51 MP: 7/7
   863 | D:3      | Noticed Jessica
   876 | D:3      | Killed Jessica
  1336 | D:4      | Reached XP level 7. HP: 54/59 MP: 8/8
  1346 | D:4      | Found a staircase to the Ecumenical Temple.
  1357 | D:4      | Reached skill level 8 in Axes
  1475 | D:3      | Reached *** piety under Trog
  1506 | D:5      | Entered Level 5 of the Dungeon
  1641 | D:5      | Reached skill level 5 in Fighting
  1681 | D:5      | Noticed a water moccasin
  1682 | D:5      | Reached XP level 8. HP: 66/69 MP: 9/9
  1685 | D:5      | Reached skill level 9 in Axes
  1693 | D:5      | Identified the +2 robe of Impatience {rF++ rC- Str+4 Int+3}
  1927 | D:6      | Noticed Maggie
  1934 | D:6      | Banished Maggie
  1955 | D:6      | Reached skill level 10 in Axes
  2118 | D:6      | Found an ornate altar of the Wu Jian Council.
  2128 | D:6      | Gained mutation: You passively map the area around you.
                  | [Meteoran growth]
  2128 | D:6      | Reached XP level 9. HP: 79/79 MP: 10/10
  2345 | D:7      | Reached skill level 11 in Axes
  2513 | D:7      | Reached **** piety under Trog
  2577 | D:7      | Reached XP level 10. HP: 89/91 MP: 11/11
  2806 | D:7      | Reached skill level 12 in Axes
  2848 | D:8      | Reached skill level 1 in Evocations
  2887 | D:8      | Reached skill level 10 in Fighting
  2916 | D:8      | Found a broken altar of Ashenzari.
  2981 | D:8      | Noticed a two-headed ogre
  2987 | D:8      | Killed a two-headed ogre
  2988 | D:8      | Reached skill level 13 in Axes
  3167 | D:1      | Bought a +2 cloak of poison resistance for 240 gold pieces
  3167 | D:1      | Bought a +0 pair of gloves for 58 gold pieces
  3487 | D:8      | Found a staircase to the Lair.
  3544 | D:9      | Noticed Joseph
  3552 | D:9      | Killed Joseph
  3553 | D:9      | Reached XP level 11. HP: 82/101 MP: 12/12
  3715 | D:9      | Found a basalt altar of Yredelemnul.
  3769 | D:9      | Found a white marble altar of Elyvilon.
  3963 | D:10     | Entered Level 10 of the Dungeon
  3963 | D:10     | Noticed a centaur warrior
  4086 | D:10     | Killed a centaur warrior
  4137 | D:10     | Reached ***** piety under Trog
  4168 | D:10     | Noticed Psyche
  4173 | D:10     | Reached skill level 5 in Armour
  4175 | D:10     | Killed Psyche
  4176 | D:10     | Reached skill level 14 in Axes
  4176 | D:10     | Reached skill level 5 in Evocations
  4188 | D:10     | Identified the +8 chain mail of Gravity {Harm}
  4217 | D:10     | Noticed Erica
  4272 | D:10     | Killed Erica
  4428 | D:10     | Found a snail-covered altar of Cheibriados.
  4742 | D:11     | Noticed a cyclops
  4763 | D:11     | Banished a cyclops
  4854 | D:11     | Noticed Josephine
  4862 | D:11     | Killed Josephine
  4863 | D:11     | Reached skill level 15 in Axes
  4863 | D:11     | Reached XP level 12. HP: 43/108 MP: 13/13
  4993 | D:11     | Found a runed translucent door.
  4994 | D:11     | Noticed a sixfirhy
  5005 | D:11     | Killed a sixfirhy
  5502 | D:11     | Upgraded the game from 0.31-a0-236-g9a0961fb85 to
                  | 0.31-a0-237-g2d982f9f85
  5598 | Lair:1   | Entered Level 1 of the Lair of Beasts
  5604 | Lair:1   | Noticed a boulder beetle
  5619 | D:8      | Reached skill level 16 in Axes
  5619 | D:8      | Reached skill level 10 in Armour
  5629 | D:8      | Killed a boulder beetle
  5714 | Lair:1   | Reached XP level 13. HP: 114/114 MP: 14/14
  5818 | Lair:1   | Reached skill level 5 in Dodging
  5902 | Lair:2   | Received a gift from Trog
  5903 | Lair:2   | Reached skill level 17 in Axes
  6364 | Lair:3   | Reached XP level 14. HP: 89/122 MP: 15/15
  6400 | Lair:3   | Reached skill level 18 in Axes
  6400 | Lair:3   | Reached skill level 10 in Evocations
  6611 | Lair:4   | Reached skill level 1 in Shields
  6854 | Lair:4   | Reached skill level 10 in Dodging
  6920 | Lair:5   | Entered Level 5 of the Lair of Beasts
  7007 | Lair:5   | Reached ****** piety under Trog
  7047 | Lair:5   | Found a staircase to the Slime Pits.
  7114 | Lair:5   | Noticed Nessos
  7152 | Lair:5   | Reached skill level 19 in Axes
  7152 | Lair:5   | Reached XP level 15. HP: 132/132 MP: 16/16
  7156 | Lair:5   | Received a gift from Trog
  7184 | Lair:5   | Killed Nessos
  7288 | Lair:5   | Reached skill level 5 in Shields
  7713 | Lair:3   | Received a gift from Trog
  7726 | Lair:3   | Found a staircase to the Swamp.
  7752 | Swamp:1  | Entered Level 1 of the Swamp
  7764 | Swamp:1  | Found a runed translucent gate.
  7764 | Swamp:1  | Found a runed translucent gate.
  7764 | Swamp:1  | Found a runed translucent gate.
  7765 | Swamp:1  | Noticed rabbitsville's ghost (adept HOBe)
  7931 | Swamp:1  | Noticed a thorn hunter
  7950 | Swamp:1  | Killed a thorn hunter
  8040 | Swamp:2  | Reached XP level 16. HP: 141/141 MP: 17/17
  8096 | Swamp:2  | Noticed Aizul
  8121 | Swamp:2  | Killed Aizul
  8273 | Swamp:3  | Identified a scroll of acquirement
  8273 | Swamp:3  | Acquired a +2 pair of boots of stealth
  8386 | Swamp:2  | Reached skill level 20 in Axes
  8485 | Swamp:4  | Entered Level 4 of the Swamp
  8613 | Swamp:4  | Noticed a thorn hunter
  8624 | Swamp:4  | Noticed the 27-headed Lernaean hydra
  8664 | Swamp:4  | Noticed Nikola
  8690 | Swamp:4  | Killed Nikola
  8840 | Swamp:4  | Killed a thorn hunter
  8861 | Swamp:4  | Killed the 27-headed Lernaean hydra
  8895 | Swamp:4  | Noticed Louise
  8909 | Swamp:4  | Killed Louise
  8910 | Swamp:4  | Reached XP level 17. HP: 90/151 MP: 18/18
  8991 | Swamp:4  | Noticed Mara
  9009 | Swamp:4  | Got a decaying rune of Zot
  9160 | Swamp:4  | Noticed Bai Suzhen
  9333 | Swamp:2  | You fall into a shaft and drop 1 floor!
  9713 | Lair:2   | Found a hole to the Spider Nest.
  9722 | Spider:1 | Entered Level 1 of the Spider Nest
  9840 | Spider:1 | Reached skill level 10 in Shields
  9965 | Spider:2 | Received a gift from Trog
 10191 | Spider:3 | Noticed Roxanne
 10563 | Spider:4 | Entered Level 4 of the Spider Nest
 10658 | Spider:4 | Identified the +8 hand axe "Arbiter" {heavy, rC+ Dex-2
                  | SInv} (Trog gifted it to you on level 4 of the Spider Nest)
 10658 | Spider:4 | Received a gift from Trog
 10782 | Spider:4 | Gained mutation: You passively map a large area around you.
                  | [Meteoran growth]
 10782 | Spider:4 | Reached XP level 18. HP: 133/160 MP: 19/19
 11186 | Spider:4 | Reached skill level 21 in Axes
 11210 | Spider:4 | Got a gossamer rune of Zot
 11293 | Spider:4 | Acquired a manual of Evocations
 11455 | Spider:4 | Identified the staff of Vanity {rElec rF- Will+ Conj}
 11599 | Spider:3 | Reached skill level 15 in Shields
 11763 | Spider:2 | Received a gift from Trog
 12173 | D:12     | Reached skill level 15 in Fighting
 12252 | D:12     | Found a staircase to the Orcish Mines.
 12796 | D:13     | Noticed Erolcha
 12808 | D:13     | Killed Erolcha
 12891 | D:13     | You fall into a shaft and drop 2 floors!
 12891 | D:15     | Entered Level 15 of the Dungeon
 12968 | D:14     | Received a gift from Trog
 13029 | D:14     | Reached XP level 19. HP: 170/170 MP: 20/20
 13127 | D:14     | Found Cejesuw's Book Boutique.
 13231 | D:13     | Noticed Jorgrun
 13245 | D:13     | Killed Jorgrun
 13263 | D:13     | Found a gate to the Vaults.
 13341 | Vaults:1 | Entered Level 1 of the Vaults
 13670 | Vaults:1 | Reached skill level 15 in Evocations
 13699 | Vaults:1 | Found Kacid's Book Emporium.
 13842 | Vaults:2 | Received a gift from Trog
 14002 | Vaults:3 | Reached skill level 22 in Axes
 14226 | Vaults:3 | Reached skill level 1 in Stealth
 14301 | Vaults:2 | Found Sodidd's Weapon Emporium.
 14630 | Vaults:4 | Reached XP level 20. HP: 180/180 MP: 21/21
 14861 | Vaults:5 | Entered Level 5 of the Vaults
 14890 | Vaults:5 | Noticed a tentacled monstrosity
 14905 | Vaults:5 | Killed a tentacled monstrosity
 14957 | Vaults:5 | Reached skill level 5 in Stealth
 14999 | Vaults:5 | Got a silver rune of Zot
 15128 | Vaults:5 | Killed from afar by a tengu reaver

Illustrated notes

Levels and vault maps discovered:
D:1:      tarquinn_simple_flora_water_c, layout_basic, serial_shops,
          nicolae_shop_competitors_out_of_business,
          shapermc_ecumenical_altar_rom_forum, serial_bayou_lake_a
D:2:      layout_loops_corners
D:3:      layout_basic, cheibrodos_sewer_entry_drain, uniq_jessica, uniq_terence
D:4:      layout_loops_ring, temple_green
D:5:      layout_loops_ring, minmay_fire_ice_demons
D:6:      layout_cave_pods, old_standard_altar,
          mainiacjoe_overflow_small_starburst, uniq_maggie
D:7:      layout_loops_ring, hex_medium
D:8:      layout_basic, overflow_temple_1_default, lair_entry_dummy,
          chequers_serial_rivers_room_b, minmay_nine_imps
D:9:      layout_roguey, kennysheep_ying_yang, uniq_joseph
D:10:     layout_cross, slow_altar_2, serial_rivers,
          chequers_serial_rivers_room_a, chequers_serial_rivers_micro_c,
          chequers_serial_rivers_small_3, chequers_serial_rivers_large_b,
          chequers_serial_rivers_marsh, chequers_serial_rivers_micro_e,
          grunt_decor_one_mirror, roderic_batcave, minivault_8, uniq_erica,
          uniq_psyche
D:11:     cheibrodos_shockbox, layout_basic, uniq_josephine
D:12:     layout_basic, zombieorc2_lemuel, lemuel_flamethrower_3, uniq_urug
D:13:     layout_loops_ring, hangedman_vaults_entry_quadrant_bands,
          nicolae_elemental_shop, minmay_misc_feat_columns, uniq_jorgrun,
          uniq_lodul, uniq_erolcha
D:14:     layout_cave_pods, serial_shops, nicolae_inconvenience_store,
          nicolae_shop_advertising_works [nicolae_subvault_shop_adworks],
          serial_column_ruins, column_ruins_open_small,
          column_ruins_columns_dead_end, column_ruins_open_tiny,
          column_ruins_grid_4, column_ruins_open_tiny, elyvilon_altar_3
D:15:     grunt_enter_depths_giant_problem, layout_cave_pools,
          serial_bayou_shore_b, chequers_hall_statues_wall_a
Lair:1:   layout_hall_layers, evilmike_ambush [evilmike_ambush_outer_pillars,
          evilmike_ambush_inner_basic]
Lair:2:   layout_long_grid, spider_nest_entry_rubble, minivault_27
Lair:3:   layout_cave_pods, palyth_hydra_swamp_entry, grunt_megastairs_1,
          lemuel_fruit_fields
Lair:4:   layout_loops_ring
Lair:5:   minmay_lair_end_enchanted_forest, layout_hall_layers,
          nicolae_slime_entry_slimehenge, st_stairs_13,
          chequers_serial_rivers_room_b, grunt_megastairs_2,
          serial_bayou_shore_a, lemuel_fruit_tree, uniq_nessos
Swamp:1:  layout_basic_swamp, ebering_ghost_rock_garden,
          evilmike_swamp_ruin_house_4
Swamp:2:  layout_basic_swamp, nicolae_swamp_small_spring, swamp_pool3,
          uniq_aizul
Swamp:3:  layout_basic_swamp, hangedman_swamp_cone, swamp_pool1
Swamp:4:  swamp_alternative, layout_basic_swamp, infiniplex_staircase_pool,
          uniq_bai_suzhen, uniq_louise, uniq_nikola, uniq_mara
Spider:1: layout_spider_delve
Spider:2: lemuel_spider_zombies, special_room [special_room_bee],
          nicolae_spider_rock_and_or_roll
Spider:3: layout_spider_delve, uniq_roxanne
Spider:4: spider_rune_water, hellmonk_deceptive_appearances
Vaults:1: vaults_room_fours, nicolae_vaults_off_center_swirl,
          hangedman_vaults_maws, nicolae_vaults_storage_closets_1,
          nicolae_vaults_border_crossing, nicolae_vaults_little_squares_3,
          vaults_dpeg_emergency_exit, vaults_mumra_hex, nicolae_vaults_house_3,
          layout_vaults_big_room, serial_shops, nicolae_shop_trees
Vaults:2: nicolae_vaults_puzzle_piece, minmay_crypt_entry_simple_box,
          hangedman_vaults_slice, vaults_standard_mumra_x,
          nicolae_vaults_turnstiles, nicolae_vaults_storage_room_doors,
          vaults_room_door_ring, nicolae_vaults_alarming,
          layout_vaults_quadrants, serial_shops,
          nicolae_shop_bloodbath_and_beyond
Vaults:3: nicolae_vaults_what_the_h, nicolae_vaults_trapezoid_4,
          nicolae_vaults_little_squares_2, hangedman_vaults_nails,
          nicolae_vaults_ellipses_ellipsis, nicolae_vaults_circle_grid_b,
          nicolae_vaults_closet_pinwheel_4, nicolae_vaults_tetromino_T_1,
          hangedman_vaults_restitches, v_misc_30, layout_vaults_omnicross,
          serial_shops, shop
Vaults:4: nicolae_vaults_closet_pinwheel_6, ontoclasm_vaults_decontamination,
          hangedman_vaults_restitches, nicolae_vaults_network_barrier,
          vaults_room_hallway, vaults_mumra_chevron_long,
          nicolae_vaults_hallways_thing, hangedman_vaults_stretched_pinwheel,
          vaults_mumra_hexcomb, nicolae_vaults_trapezoid_layered,
          nicolae_vaults_security_offices_4, nicolae_vaults_wine_cellar,
          layout_vaults_maze_snakey
Vaults:5: serial_shops

Skill      XL: |  1  2  3  4  5  6  7  8  9 10 11 12 13 14 15 16 17 18 19 20 |
---------------+-------------------------------------------------------------+-----
Axes           | 4 5 7 8 10 11 13 15 16 17 19 20 21 22 | 22.1
Fighting       | 4 5 7 9 10 11 12 13 14 15 16 | 16.1
Evocations     | 4 6 8 9 10 11 12 13 16 19 | 19.0
Armour         | 3 8 10 12 | 12.4
Dodging        | 3 8 11 12 | 12.7
Shields        | 4 6 7 14 15 16 | 16.4
Stealth        | 2 5 |  5.8

Action                     |  1- 3 |  4- 6 |  7- 9 | 10-12 | 13-15 | 16-18 | 19-21 || total
---------------------------+-------+-------+-------+-------+-------+-------+-------++-------
  Melee: Hand axe          |   124 |    58 |       |       |       |       |       ||   182
         Battleaxe         |       |    14 |   131 |   307 |   122 |       |       ||   574
         Broad axe         |       |       |       |       |   468 |   989 |   500 ||  1957
         Morningstar       |       |       |       |       |    28 |    57 |       ||    85
         Demon trident     |       |       |       |       |       |    18 |       ||    18
 Invoke: Berserk           |     2 |     2 |       |     2 |     1 |     4 |     1 ||    12
         Brothers in Arms  |       |       |       |       |       |     3 |     1 ||     4
         Trog's Hand       |       |       |       |       |       |     3 |     3 ||     6
  Evoke: Wand              |       |       |       |     1 |     3 |    12 |     1 ||    17
         Box of beasts     |       |       |       |       |       |     1 |     1 ||     2
         Phial of floods   |       |       |       |       |       |     1 |       ||     1
    Use: Scroll            |     3 |     2 |     4 |    10 |     4 |    10 |     1 ||    34
         Potion            |       |     1 |     4 |     1 |     3 |     9 |     5 ||    23
   Stab: Distracted        |       |     1 |       |       |       |     1 |       ||     2
         Paralysed         |       |       |       |     5 |       |       |       ||     5
         Held in net/web   |       |       |       |       |       |     1 |       ||     1
 Armour: Animal skin       |     3 |       |       |       |       |       |       ||     3
         Scale mail        |    41 |     1 |       |       |       |       |       ||    42
         Ring mail         |       |    36 |    49 |    45 |       |       |       ||   130
         Chain mail        |       |       |       |    75 |   351 |   572 |   123 ||  1121
  Dodge: Dodged            |    57 |    33 |    61 |   179 |   362 |   635 |   136 ||  1463
  Block: Buckler           |       |       |       |       |   129 |   198 |       ||   327
         Tower shield      |       |       |       |       |       |   419 |   407 ||   826

Table legend: (Time is in decaauts)
 A = Elapsed time spent in this place.
 B = Non-inter-level travel time spent in this place.
 C = Inter-level travel time spent in this place.
 D = Time resting spent in this place.
 E = Time spent auto-exploring this place.
 F = Levels seen in this place.
 G = Mean time per level.
                   A        B        C        D        E       F      G
               +--------+--------+--------+--------+--------+-----+--------+
         Total |  14964 |   9869 |   5095 |    153 |    374 |  34 |  440.1 |
       Dungeon |   6936 |   5052 |   1884 |     76 |    167 |  15 |  462.4 |
          Lair |   2179 |   1768 |    411 |     12 |      0 |   5 |  435.8 |
         Swamp |   1864 |   1028 |    836 |     25 |      0 |   4 |  466.0 |
   Spider Nest |   2109 |   1040 |   1069 |      4 |    143 |   4 |  527.2 |
        Vaults |   1730 |    837 |    893 |     35 |      0 |   5 |  346.0 |
         Sewer |    143 |    143 |      0 |      0 |     63 |   1 |  143.0 |
               +--------+--------+--------+--------+--------+-----+--------+

Top non-repeatable levels by time:
    D:11: 919 daAuts
Spider:4: 909 daAuts
    D:10: 718 daAuts
 Swamp:4: 694 daAuts
  Lair:5: 647 daAuts
     D:9: 631 daAuts
Spider:2: 596 daAuts
     D:7: 569 daAuts
     D:3: 559 daAuts
    D:12: 532 daAuts
  Lair:3: 527 daAuts
Vaults:3: 489 daAuts
     D:6: 460 daAuts
     D:8: 457 daAuts
     D:5: 443 daAuts
